cohdb
Replays
Latest Replays
All Replays
Popular Replays
Top Player Replays
Match Explorer
How It Works
Community
CoH3 Stats
Reddit
Sign in to upload your games and track your stats! →
Sign in with Steam
Match 47204779
Unlisted
Match 47204779
Overview
Messages
Build Orders
End
Vickers Machine Gun Team
Construct Section Command Post
Selects Heavy Armor Battlegroup
Dingo Light Scout Car
Vickers Machine Gun Team
ML 3-inch Mortar Team
Construct Platoon Command Post
CMP 15cwt Truck
Selects Engineer Detachments
6-pounder Anti-tank Gun Team
Royal Engineer Section
Unlock Bishop Self-propelled Artillery
Bishop Self-propelled Artillery
Selects Light Vehicle Withdraw and Refit
Selects UNKNOWN (202330)
Bishop Self-propelled Artillery
Light Vehicle Training
Construct Company Command Post
Selects Recon Artillery
Unlock M3 Grant Medium Tanks
M3 Grant Medium Tank
Recon Artillery
Kakamora
Jeremy
JT
孤冰月
506767261
皮皮
冲锋大哥
一杆大长枪爆你菊花
0
0
Comments
sign in to comment!
No comments posted yet!